 Dungeon Crawl Stone Soup version 0.28.0-47-ge53b351184 (webtiles) character file.

Game seed: 13151359330798419488

536 Exodus22XD the Chopper (level 7, -3/61 HPs)
             Began as a Minotaur Fighter on May 7, 2022.
             Slain by Ijyb
             ... wielding a +4 dagger of holy wrath
              (7 damage)
             ... on level 4 of the Dungeon.
             The game lasted 00:02:50 (2588 turns).

Exodus22XD the Chopper (Minotaur Fighter)           Turns: 2588, Time: 00:02:51

Health: -3/61      AC:  4    Str: 23    XL:     7   Next: 4%
Magic:  6/6        EV:  9    Int:  5    God:
Gold:   116        SH:  4    Dex:  9    Spells: 6/6 levels left

rFire   . . .      SeeInvis .   a - +0 war axe
rCold   . . .      Faith    .   c - +0 buckler
rNeg    . . .      Spirit   .   b - +0 scale mail
rPois   .          Reflect  .   (helmet restricted)
rElec   .          Harm     .   f - +0 cloak
rCorr   .          Rampage  .   (no gloves)
Will    .....                   (no boots)
Stlth   ..........              (no amulet)
HPRegen 0.20/turn               (no ring)
MPRegen 0.10/turn               (no ring)

@: corroded
A: horns 2, retaliatory headbutt
a: no special abilities


You were on level 4 of the Dungeon.
You visited 1 branch of the dungeon, and saw 4 of its levels.

You collected 140 gold pieces.
You spent 24 gold pieces at shops.

Inventory:

Hand Weapons
 a - a +0 war axe (weapon)
Armour
 b - a +0 scale mail (worn)
 c - a +0 buckler (worn)
 f - a +0 cloak (worn)
Jewellery
 n - a ring of magical power
Scrolls
 e - 2 scrolls of magic mapping
 g - a scroll of fear {unknown}
 j - 2 scrolls of amnesia {unknown}
 l - a scroll of silence {unknown}
 m - 5 scrolls of teleportation {unknown}
 q - a scroll of vulnerability {unknown}
 r - a scroll of enchant weapon {unknown}
Potions
 d - a potion of might
 h - a potion of cancellation
 i - a potion of curing
 k - a potion of degeneration {unknown}
 o - a potion of invisibility {unknown}
 p - a potion of heal wounds {unknown}


   Skills:
 + Level 5.1 Fighting
 + Level 6.8 Axes
 + Level 5.3 Armour
 + Level 4.7 Shields


You had 6 spell levels left.
You didn't know any spells.
Your spell library was empty.

Dungeon Overview and Level Annotations

Branches:
Dungeon (4/15)
 Temple: D:4-7

Altars:
The Shining One

Shops:
D:2 *

Annotations:
D:2 1 runed translucent door, Crazy Yiuf
D:4 Ijyb


Innate Abilities, Weirdness & Mutations

You have a pair of horns on your head.
You reflexively headbutt those who attack you in melee.


Message History

You slash the hobgoblin!
You kill the hobgoblin!
Ijyb zaps a wand.
The bolt of acid hits you.
You slash Ijyb! You headbutt Ijyb, but do no damage.
Ijyb is heavily wounded.
Ijyb hits you with a +4 dagger of holy wrath.
You miss Ijyb.
Ijyb is heavily wounded.
Ijyb hits you with a +4 dagger of holy wrath.
Ijyb zaps a wand.
The bolt of acid hits you!
* * * LOW HITPOINT WARNING * * *
The acid corrodes you!
Okay, then.
You hit Ijyb but do no damage.
Ijyb is heavily wounded.
Ijyb hits you with a +4 dagger of holy wrath.
* * * LOW HITPOINT WARNING * * *
Okay, then.
Okay, then.
Ijyb zaps a wand.
The bolt of acid misses you.
You hit Ijyb but do no damage.
Ijyb is heavily wounded.
Ijyb hits you but does no damage.
You completely miss Ijyb.
Ijyb is heavily wounded.
Ijyb hits you with a +4 dagger of holy wrath.
* * * LOW HITPOINT WARNING * * *
You hit Ijyb but do no damage.
Ijyb is heavily wounded.
You block Ijyb's attack.
Press: ? - help, v - describe, . - travel
Here: Ijyb, wielding a +4 dagger of holy wrath, wearing a +0 leather armour and carrying a wand of acid (1) (heavily wounded)
The floor.
You closely miss Ijyb. You headbutt Ijyb, but do no damage.
Ijyb is heavily wounded.
Ijyb hits you with a +4 dagger of holy wrath.
* * * LOW HITPOINT WARNING * * *
Ijyb screams, "Die!"
Ijyb hits you with a +4 dagger of holy wrath!
You die...

..#................#..........###
..#.....####.##...#########......
###.....############.... #......
#...................... #......
#...................... +......
#...................... #......
#..........:........... #......
#...................... #......
######...####..@.### #...# #...g#
#.........).......
#.................
#.........(.......
#.....##.......... ....
#.....##... ... #####'# ... .. ..
..


You could see Ijyb.

Vanquished Creatures
  Sigmund (D:3)
  A necrophage (D:4)
  An ogre (D:4)
  An iguana (D:3)
  An orc wizard (D:4)
  6 gnolls
  3 adders
  3 worms
  4 orcs
  7 ball pythons
  7 bats
  2 endoplasms
  9 goblins
  5 hobgoblins
  7 jackals
  5 kobolds
  5 quokkas
  3 frilled lizards
  7 rats
78 creatures vanquished.

Notes
Turn   | Place    | Note
-------+----------+-------------------------------------------
     0 | D:1      | Exodus22XD the Minotaur Fighter began the quest for the
                  | Orb.
     0 | D:1      | Reached XP level 1. HP: 19/19 MP: 0/0
    97 | D:1      | Reached XP level 2. HP: 26/27 MP: 1/1
   398 | D:1      | Reached skill level 3 in Axes
   398 | D:1      | Reached XP level 3. HP: 32/33 MP: 2/2
   652 | D:2      | Reached XP level 4. HP: 40/40 MP: 3/3
   723 | D:2      | Found a glowing golden altar of the Shining One.
   731 | D:2      | Reached skill level 4 in Axes
   944 | D:2      | Found Qufiowkoki's General Store.
   950 | D:2      | Bought a scroll of identify for 24 gold pieces
   998 | D:2      | Found a runed translucent door.
   999 | D:2      | Noticed Crazy Yiuf
  1294 | D:3      | Noticed Sigmund
  1303 | D:3      | Killed Sigmund
  1304 | D:3      | Reached skill level 5 in Axes
  1304 | D:3      | Reached XP level 5. HP: 39/47 MP: 4/4
  1531 | D:3      | Found a faded altar of an unknown god.
  1609 | D:3      | Reached XP level 6. HP: 53/53 MP: 5/5
  2160 | D:4      | Reached skill level 6 in Axes
  2160 | D:4      | Reached skill level 5 in Armour
  2168 | D:4      | Reached skill level 5 in Fighting
  2371 | D:4      | Reached XP level 7. HP: 25/61 MP: 6/6
  2575 | D:4      | Noticed Ijyb
  2588 | D:4      | Slain by Ijyb

Illustrated notes

Levels and vault maps discovered:
D:1:      matt_arrival_grand_opening, layout_rooms
D:2:      layout_loops_ring, serial_shops, shop, basic_altar,
          uniq_crazy_yiuf_cottage
D:3:      layout_basic, hellmonk_ecumenical_altar_leap_of_faith, uniq_sigmund
D:4:      layout_gridville, serial_glass, glass_columns_a, glass_columns_b,
          uniq_ijyb

Skill      XL: |  1  2  3  4  5  6 |
---------------+-------------------+-----
Armour         | 4 5 |  5.3
Shields        | 4 |  4.7
Fighting       | 4 5 |  5.1
Axes           | 3 5 6 |  6.8

Action                   |  1- 3 |  4- 6 |  7- 9 || total
-------------------------+-------+-------+-------++-------
Melee: War axe           |    50 |   101 |    10 ||   161
       Headbutt          |     5 |    19 |     2 ||    26
  Use: Scroll            |       |     3 |       ||     3
Armor: Scale mail        |    34 |    37 |     2 ||    73
Dodge: Dodged            |    30 |    43 |     1 ||    74
Block: Buckler           |     8 |    27 |     1 ||    36
